AoeStats
← Superbrasseur

Black Forest

509867421Analyzed
4v4 RM · 4d ago on Sep 28, 2026· 37m 56s· 8 players
Game mode
Random Map
Map size
Large (8 player)
Population
200
Speed
Normal
Resources
Standard
Victory
Conquest
Starting age
Dark Age
Ending age
Imperial Age
RankedLock teamsTeams togetherTeam positionsShared explorationLock speedFull tech treeHidden civsTurbo modeCheats
Victory
Defeat
🇯🇵 Goths · Japan
1711
+11
🇨🇿 Mongols · Czechia
1684
+12
🇨🇿 Hindustanis · Czechia
1664
+12
🇪🇸 Byzantines · Spain
1634
+13
🇫🇷 Britons · France
1633
-13
🇫🇷 Vikings · France
1625
-14
🇫🇷 Khmer · France
1552
-11
🇫🇷 Saracens · France
1524
-10
AutoClickerv3
0:49 Loom
9:23 Feudal Age
10:24 Double-Bit Axe
11:08 Fletching
17:46 Stone Mining
18:12 Gold Mining
22:30 Wheelbarrow
26:38 Castle Age
27:21 Bodkin Arrow
28:03 Gold Shaft Mining
28:09 Bow Saw
31:48 Imperial Age
32:41 Bracer
33:40 Guard Tower
34:22 Horse Collar
35:46 Chemistry
36:37 Two-Man Saw
36:53 Ballistics
37:12 Keep
37:00 Arrowslits
37:01 Treadmill Crane
37:42 Ballistics
37:34 Caravan
37:30 Arrowslits
38:10 Heavy Plow
Rank
10:44 Feudal Age
12:09 Double-Bit Axe
14:49 Castle Age
14:52 Horse Collar
16:05 Loom
17:07 Bow Saw
17:39 Wheelbarrow
22:16 Heavy Plow
22:07 Gold Mining
26:09 Hand Cart
26:36 Fletching
30:16 Imperial Age
28:22 Bodkin Arrow
30:05 Gold Shaft Mining
30:18 Onager
31:59 Chemistry
31:32 Drill
30:59 Capped Ram
32:14 Town Watch
33:10 Siege Engineers
33:20 Siege Ram
34:53 Conscription
35:27 Siege Onager
Franczesco
9:42 Feudal Age
13:13 Castle Age
11:50 Double-Bit Axe
12:30 Horse Collar
15:29 Bow Saw
19:38 Wheelbarrow
18:50 Loom
21:56 Gold Mining
21:57 Stone Mining
23:59 Gold Shaft Mining
26:50 Imperial Age
26:04 Padded Archer Armor
28:30 Chemistry
27:49 Leather Archer Armor
28:17 Caravan
29:22 Grand Trunk Road
30:16 Ring Archer Armor
30:36 Hand Cart
31:37 Shatagni
32:38 Siege Engineers
34:47 Conscription
34:12 Siege Elephant
35:18 Heavy Plow
36:27 Hoardings
happy gay
0:26 Loom
8:38 Feudal Age
9:33 Double-Bit Axe
10:39 Horse Collar
13:59 Fletching
18:53 Castle Age
20:22 Bow Saw
20:33 Bodkin Arrow
22:16 Wheelbarrow
25:52 Gold Mining
31:13 Imperial Age
29:42 Scale Mail Armor
32:06 Chain Mail Armor
32:02 Forging
32:33 Conscription
33:04 Stone Mining
33:48 Anarchy
33:39 Elite Huskarl
34:40 Squires
37:15 Iron Casting
37:28 Perfusion
38:56 Blast Furnace
ccereal
4:51 Loom
7:55 Feudal Age
8:23 Double-Bit Axe
11:57 Fletching
19:13 Castle Age
18:08 Padded Archer Armor
19:15 Crossbowman
19:53 Bodkin Arrow
22:23 Wheelbarrow
22:27 Leather Archer Armor
34:08 Imperial Age
33:33 Bow Saw
33:20 Horse Collar
34:30 Gold Mining
34:57 Bracer
34:22 Arbalester
35:35 Ballistics
36:15 Chemistry
Frorok
1:30 Loom
11:37 Feudal Age
13:38 Double-Bit Axe
13:57 Fletching
21:56 Castle Age
21:05 Gold Mining
21:10 Stone Mining
27:38 Imperial Age
25:57 Bodkin Arrow
25:23 Crossbowman
27:02 Padded Archer Armor
28:24 Bracer
28:49 Bow Saw
31:06 Arbalester
33:25 Chemistry
Superbrasseur
4:14 Loom
9:43 Feudal Age
10:09 Double-Bit Axe
10:46 Gold Mining
11:43 Horse Collar
13:44 Wheelbarrow
18:29 Castle Age
19:13 Heavy Plow
19:24 Bow Saw
23:18 Gold Shaft Mining
30:58 Imperial Age
28:42 Stone Mining
29:38 Masonry
30:55 Scale Barding Armor
31:00 Forging
31:31 Husbandry
31:41 Bloodlines
31:57 Chain Barding Armor
32:47 Chemistry
32:44 Conscription
31:56 Capped Ram
32:11 Light Cavalry
33:11 Elite Mameluke
36:39 Two-Man Saw
35:12 Elite Skirmisher
35:45 Fletching
35:55 Padded Archer Armor
36:37 Onager
37:29 Bodkin Arrow
38:36 Ballistics
Flybidi
11:41 Feudal Age
14:50 Castle Age
13:07 Double-Bit Axe
13:59 Horse Collar
16:05 Loom
18:05 Wheelbarrow
17:52 Bow Saw
26:09 Fletching
31:11 Imperial Age
29:35 Hand Cart
30:02 Bloodlines
30:16 Devotion
30:47 Husbandry
31:17 Elite Ballista Elephant
31:30 Light Cavalry
32:37 Double Crossbow
33:16 Scale Barding Armor
33:22 Forging
33:31 Caravan
34:23 Chain Barding Armor
34:43 Hussar
Connection lost

Rejoining the realm…

Still unreachable

The connection could not be restored.

Session expired

The server has moved on; the page needs a fresh start.